 Dungeon Crawl Stone Soup version 0.25-a0-55-g0753fd1ad2 (webtiles) character file.

Game seed: 8333856243010017251, levelgen mode: deterministic

2385 Gynju the Magician (level 9, -2/48 HPs)
             Began as a Deep Elf Fire Elementalist on Oct 25, 2019.
             Was an Initiate of Vehumet.
             Slain by Joseph
             ... wielding a cursed -3 hunting sling
              (8 damage)
             ... on level 7 of the Dungeon.
             The game lasted 00:20:33 (9599 turns).

Gynju the Magician (Deep Elf Fire Elementalist)     Turns: 9599, Time: 00:20:33

Health: -2/48      AC:  4    Str:  5    XL:     9   Next: 22%
Magic:  4/22       EV: 16    Int: 24    God:    Vehumet [......]
Gold:   465        SH:  5    Dex: 15    Spells: 14/22 levels left

rFire    + . .     SeeInvis .   G - +4 whip
rCold    + . .     Gourm    +   g - +0 buckler
rNeg     . . .     Faith    .   a - +0 robe
rPois    .         Spirit   .   e - +0 helmet
rElec    .         Reflect  .   h - scarf {rC+ rF+}
rCorr    .         Harm     .   H - +0 pair of gloves
MR       .....                  (no boots)
Stlth    ++........             w - amulet of the gourmand
HPRegen  0.16/turn              (no ring)
MPRegen  0.18/turn              (no ring)

@: no status effects
A: no striking features
a: Renounce Religion


You were on level 7 of the Dungeon.
You worshipped Vehumet.
Vehumet was noncommittal.
You were completely stuffed.

You visited 2 branches of the dungeon, and saw 8 of its levels.
You also visited: Ossuary.

You collected 465 gold pieces.

Inventory:

Hand Weapons
 i - a +1 long sword
 C - a +0 rapier of draining
 G - a +4 whip (weapon)
Missiles
 v - 34 poisoned darts (quivered)
 B - 76 stones
Armour
 a - a +0 robe (worn)
 e - a +0 helmet (worn)
 g - a +0 buckler (worn)
 h - a scarf of resistance (worn)
 H - a +0 pair of gloves (worn)
Jewellery
 w - an amulet of the gourmand (around neck)
Wands
 l - a wand of iceblast (7)
Scrolls
 b - 5 scrolls of teleportation
 f - a scroll of identify {@r1}
 j - 5 scrolls of remove curse {@r2}
 k - 3 scrolls of magic mapping
 r - a scroll of blinking
 t - 2 scrolls of fog
 E - a scroll of enchant weapon
Potions
 d - 2 potions of ambrosia {unknown}
 m - a potion of berserk rage {unknown}
 n - 3 potions of magic
 o - 3 potions of cancellation
 p - 3 potions of brilliance
 q - 4 potions of curing {@q1}
 s - a potion of agility
 x - a potion of haste
 z - 3 potions of degeneration {unknown}
 A - 3 potions of mutation {unknown}
 D - 3 potions of flight {unknown}
 F - a potion of heal wounds {unknown}
Comestibles
 c - 14 rations


   Skills:
 + Level 1.7 Fighting
 + Level 6.7 Dodging
 - Level 2.4 Stealth
 - Level 4.0 Shields
 + Level 7.3 Spellcasting
 * Level 6.3 Conjurations
 * Level 7.1 Fire Magic


You had 14 spell levels left.
You knew the following spells:

 Your Spells              Type           Power        Failure   Level  Hunger
a - Flame Tongue          Conj/Fire      #####        1%          1    None
b - Conjure Flame         Conj/Fire      #####...     1%          3    None
c - Sticky Flame          Conj/Fire      #####...     4%          4    ###....

Your spell library contained the following spells:

 Spells                   Type           Power        Failure   Level  Hunger
 Throw Flame              Conj/Fire      #####.       1%          2    None
 Inner Flame              Hex/Fire       ####....     4%          3    None
 Fireball                 Conj/Fire      #####.....   12%         5    #####..


Dungeon Overview and Level Annotations

Branches:
Dungeon (7/15)             Temple (1/1) D:6         Ossuary (visited)

Altars:
Ashenzari
Dithmenos
Fedhas
Gozag
Hepliaklqana
Kikubaaqudgha
Makhleb
Okawaru
Qazlal
Sif Muna
Trog
Uskayaw
Vehumet
Wu Jian
Xom
Yredelemnul
Zin
The Shining One
Lugonu

Annotations:
D:4 1 runed translucent door, Gumption's ghost, novice OpTm
D:7 Joseph


Message History

Joseph is heavily wounded.
Joseph closely misses you.
Casting: Flame Tongue (safe; 1% risk of failure)
Confirm with . or Enter, or press ? or * to list all spells.
Aiming: Flame Tongue (safe; 1% risk of failure)
Press: ? - help, Shift-Dir - straight line, f/p - Joseph
Aim: Joseph, wielding a -3 hunting sling and wearing a +0 leather armour of fire resistance (heavily wounded)
The flame tongue hits Joseph.
Joseph resists.
Joseph is heavily wounded.
Joseph hits you with a cursed -3 hunting sling!
* * * LOW HITPOINT WARNING * * *
Casting: Flame Tongue (safe; 1% risk of failure)
Confirm with . or Enter, or press ? or * to list all spells.
Aiming: Flame Tongue (safe; 1% risk of failure)
Press: ? - help, Shift-Dir - straight line, f/p - Joseph
Aim: Joseph, wielding a -3 hunting sling and wearing a +0 leather armour of fire resistance (heavily wounded)
The flame tongue hits Joseph but does no damage.
Joseph is heavily wounded.
Joseph hits you with a cursed -3 hunting sling!
You die...

#. #............ #.
#.######.#### #.
#.# #..... #. #.#
#.#### #.# #.# #.#
#.# #.# #.#
#######.######.####
#.@(...............
#@#################


.oh ##.o #.. #.. #.. #.. You could see Joseph, an orc warrior, a hound and an
orc.

Vanquished Creatures
  Grinder (D:5)
  A hippogriff (D:7)
  Menkaure (D:5)
  A water moccasin (D:6)
  An orc warrior (D:6)
  An ice beast (D:6)
  An ogre (D:6)
  A phantom (D:4)
  A centaur (D:5)
  A bullfrog (D:6)
  3 scorpions
  3 wights
  A howler monkey (D:4)
  4 crimson imps
  An orc priest (D:6)
  A bullfrog skeleton (D:4)
  2 hounds
  5 orc wizards
  Ijyb (D:5)
  3 iguanas
  3 worker ants
  A big kobold zombie (Ossuary)
  8 mummies (Ossuary)
  Robin (D:2)
  11 gnolls
  5 adders
  2 shadow imps
  2 oozes (D:4)
  A worm (D:2)
  A dart slug (D:2)
  4 leopard geckos
  14 orcs
  12 bats
  4 giant cockroaches
  15 goblins
  8 hobgoblins
  7 jackals
  5 kobolds
  2 ball pythons
  3 frilled lizards
  A gnoll zombie (Ossuary)
  3 hobgoblin zombies (Ossuary)
  3 orc zombies (Ossuary)
  A quokka skeleton (D:4)
  6 rats
157 creatures vanquished.

Notes
Turn   | Place    | Note
-------+----------+-------------------------------------------
     0 | D:1      | Gynju the Deep Elf Fire Elementalist began the quest for
                  | the Orb.
     0 | D:1      | Reached XP level 1. HP: 10/10 MP: 6/6
   253 | D:1      | Reached XP level 2. HP: 11/15 MP: 0/8
   996 | D:2      | Found a shimmering blue altar of Sif Muna.
  1241 | D:1      | Reached XP level 3. HP: 18/19 MP: 1/10
  1321 | D:1      | Learned a level 3 spell: Conjure Flame
  1558 | D:2      | Reached XP level 4. HP: 24/24 MP: 6/11
  1564 | D:2      | Learned a level 4 spell: Sticky Flame
  1642 | D:2      | Noticed Robin
  1646 | D:2      | Killed Robin
  1646 | D:2      | Reached skill level 1 in Shields
  1967 | D:2      | Found a hazy altar of Hepliaklqana.
  2533 | D:3      | Reached XP level 5. HP: 28/28 MP: 9/13
  2991 | D:3      | Found a faded altar of an unknown god.
  3556 | D:4      | Reached XP level 6. HP: 32/32 MP: 9/15
  4147 | D:4      | Reached skill level 5 in Spellcasting
  4499 | D:4      | Noticed Gumption's ghost (novice OpTm)
  4500 | D:4      | Found a runed translucent door.
  4518 | D:4      | Reached XP level 7. HP: 14/36 MP: 6/17
  4958 | D:4      | Found a stormy altar of Qazlal.
  4959 | D:4      | Found an ancient bone altar of Kikubaaqudgha.
  4959 | D:4      | Found a hide-covered altar of Uskayaw.
  4960 | D:4      | Found an opulent altar of Gozag.
  5041 | D:5      | Entered Level 5 of the Dungeon
  5297 | D:5      | Found a shadowy altar of Dithmenos.
  5308 | D:5      | Reached skill level 5 in Fire Magic
  5386 | D:5      | Noticed Ijyb
  5406 | D:5      | Found a shadowy altar of Dithmenos.
  5594 | D:5      | Killed Ijyb
  5660 | D:5      | Reached skill level 5 in Dodging
  5879 | D:5      | Noticed Menkaure
  5893 | D:5      | Killed Menkaure
  5950 | D:5      | Noticed Grinder
  5953 | D:5      | Paralysed by Grinder for 2 turns
  5962 | D:5      | Killed Grinder
  5962 | D:5      | Reached XP level 8. HP: 14/41 MP: 8/19
  6238 | D:5      | Found a burning altar of Makhleb.
  6858 | D:6      | Reached skill level 5 in Conjurations
  7216 | D:6      | Reached skill level 1 in Fighting
  7503 | D:6      | Found a staircase to the Ecumenical Temple.
  7517 | Temple   | Entered the Ecumenical Temple
  7657 | D:6      | Found a radiant altar of Vehumet.
  7745 | D:6      | Became a worshipper of Vehumet
  8001 | D:6      | Reached XP level 9. HP: 47/47 MP: 18/21
  8306 | D:6      | Found an ornate altar of the Wu Jian Council.
  8402 | D:7      | Noticed Joseph
  8841 | D:7      | Found a sand-covered staircase.
  8845 | Ossuary  | Entered an ossuary
  9599 | D:7      | Slain by Joseph

Levels and vault maps discovered:
D:1:      sevenhm_arrival_forest_fort_large_2, layout_rooms,
          serial_park_tiny_pond
D:2:      layout_basic, overflow_temple_1_default,
          nicolae_overflow_crystal_walls, supply_closet_lemuel,
          minmay_pentomino_v4, uniq_robin
D:3:      layout_basic, chequers_ecumenical_altar_lobes, first_ration
D:4:      layout_loops_ring, chequers_temple_overflow_statue_of_worship,
          hellmonk_ghost_happy_afterlife
D:5:      layout_loops_cross, makhleb_grotto_becter, kennysheep_little_box,
          basic_altar, hangedman_abyss_or_decor_stabs, uniq_grinder, uniq_ijyb,
          uniq_menkaure
D:6:      layout_rooms, kennysheep_mini_moat, lemuel_round_altar,
          minmay_temple_entry_statues_fountains, minmay_fountain_box
D:7:      layout_basic, lightli_ossuary_entry_decrepit_ruins, minivault_27,
          uniq_joseph
Temple:   corrupted_temple

Table legend:
 A = Non-vault XP
 B = Vault XP
 C = Vault XP percentage of total XP
 D = Non-vault monster count
 E = Vault monster count
 F = Vault count percentage of total count
                 A         B        C        D         E       F
            +---------+---------+-------+---------+---------+-------
      Total |    2693 |     715 |  21.0 |     123 |      34 |  21.7
            +---------+---------+-------+---------+---------+-------
        D:1 |      71 |      14 |  16.5 |      20 |       2 |   9.1
        D:2 |      44 |      40 |  47.6 |      15 |      13 |  46.4
        D:3 |      87 |       0 |   0.0 |      23 |       0 |   0.0
        D:4 |     510 |       0 |   0.0 |      22 |       0 |   0.0
        D:5 |     580 |     486 |  45.6 |      16 |       3 |  15.8
        D:6 |    1050 |       0 |   0.0 |      20 |       0 |   0.0
        D:7 |     351 |       0 |   0.0 |       7 |       0 |   0.0
    Ossuary |       0 |     175 | 100.0 |       0 |      16 | 100.0
            +---------+---------+-------+---------+---------+-------
